 Dungeon Crawl Stone Soup version 0.30-a0-1113-ga8025317a9 (webtiles) character file.

Game seed: 3798838991711222407

4398 haror the Carver (level 10, -11/74 HPs)
             Began as a Gnoll Wanderer on Mar 5, 2023.
             Was a Believer of Cheibriados.
             Mangled by a hornet (15 damage)
             ... on level 8 of the Dungeon on Apr 20, 2023.
             The game lasted 03:55:26 (9057 turns).

haror the Carver (Gnoll Wanderer)                   Turns: 9057, Time: 03:55:26

Health: -11/74     AC:  7    Str: 21    XL:     10   Next: 35%
Magic:  19/23      EV: 15    Int: 23    God:    Cheibriados [**....]
Gold:   250        SH:  7    Dex: 21    Spells: 15/27 levels left

rFire   . . .      SeeInvis .    d - +2 scimitar (heavy)
rCold   x . .      Faith    .    b - +0 buckler
rNeg    + . .      Spirit   .    B - +2 robe of the Moon {rN+ Will+ Archmagi}
rPois   .          Reflect  .    x - +1 helmet
rElec   .          Rampage  .    q - +0 cloak "Iwaff" {rC- Str+5}
rCorr   .          Archmagi +    (no gloves)
Will    +....                    (no boots)
Stlth   +++                      c - amulet of regeneration
HPRegen 1.12/turn                W - ring of wizardry
MPRegen 0.18/turn                i - +6 ring of dexterity

@: lethally poisoned (-11 -> -12), about to teleport, slowed, very slow
A: fangs 1, strong nose, distributed training
a: Renounce Religion, Bend Time


You were on level 8 of the Dungeon.
You worshipped Cheibriados.
Cheibriados was pleased with you.
You visited 2 branches of the dungeon, and saw 9 of its levels.

You collected 354 gold pieces.
You spent 104 gold pieces at shops.

Inventory:

Hand Weapons
 a - a +3 battleaxe
 d - a +2 heavy scimitar (weapon)
 p - a +2 dagger of venom
 y - a +0 sling
 E - a +3 dagger
 K - a +2 scythe of venom
 R - a +0 halberd of flaming
 V - a +3 halberd
 Y - a +3 falchion
 Z - a +1 battleaxe of freezing
Missiles
 l - 6 javelins
 o - 41 stones
 C - 2 silver javelins
 X - 15 poisoned darts
Armour
 b - a +0 buckler (worn)
 q - the +0 cloak "Iwaff" (worn) {rC- Str+5}
   (You found it on level 4 of the Dungeon)

   Str:       It affects your strength (+5).
   rC:        It makes you vulnerable to cold.
 s - the +0 robe of the Game of Kings {Str+6}
   (You found it on level 8 of the Dungeon)

   Str:       It affects your strength (+6).
 x - a +1 helmet (worn)
 A - a +0 cloak
 B - the +2 robe of the Moon (worn) {rN+ Will+ Archmagi}
   (You found it on level 5 of the Dungeon)

   rN:        It protects you from negative energy.
   Archmagi:  It increases the power of your magical spells.
   Will:      It increases your willpower.
 I - a +0 scale mail
 S - +0 acid dragon scales
Magical Staves
 L - a staff of cold
Jewellery
 c - an amulet of regeneration (around neck)
 i - a +6 ring of dexterity (right hand)
 u - an amulet of faith
 F - an amulet of magic regeneration
 H - an amulet of the acrobat
 W - a ring of wizardry (left hand)
Wands
 m - a wand of iceblast (2)
 t - a wand of flame (6)
 P - a wand of mindburst (1)
 Q - a wand of quicksilver (5)
Scrolls
 g - a scroll of noise {unknown}
 j - a scroll of vulnerability {unknown}
 n - 3 scrolls of poison {unknown}
 w - a scroll of immolation
 z - a scroll of acquirement {unknown}
 G - 2 scrolls of magic mapping {unknown}
 T - a scroll of enchant weapon {unknown}
 U - a scroll of enchant armour {unknown}
Potions
 e - 2 potions of mutation {unknown}
 h - a potion of magic {unknown}
 k - 3 potions of heal wounds
 v - a potion of lignification {unknown}
 D - 3 potions of brilliance {unknown}
 J - a potion of berserk rage {unknown}
 M - a potion of ambrosia {unknown}
 N - 3 potions of flight {unknown}
 O - a potion of curing


   Skills:
 + Level 5.4 Fighting
 + Level 5.4 Short Blades
 + Level 11.7 Long Blades
 + Level 5.4 Axes
 + Level 5.4 Maces & Flails
 + Level 5.4 Polearms
 + Level 5.4 Staves
 + Level 5.4 Ranged Weapons
 + Level 5.4 Throwing
 + Level 5.4 Armour
 + Level 5.4 Dodging
 + Level 5.4 Stealth
 + Level 7.1 Shields
 + Level 5.4 Unarmed Combat
 + Level 9.0 Spellcasting
 + Level 4.4 Conjurations
 + Level 4.4 Hexes
 + Level 4.4 Summonings
 + Level 4.4 Necromancy
 + Level 4.4 Translocations
 + Level 4.4 Transmutations
 + Level 4.4 Fire Magic
 + Level 4.4 Ice Magic
 + Level 4.4 Air Magic
 + Level 4.4 Earth Magic
 + Level 4.4 Poison Magic
 + Level 5.9 Invocations
 + Level 5.4 Evocations


You had 15 spell levels left.
You knew the following spells:

 Your Spells              Type           Power      Damage    Failure   Level
a - Freeze                Ice            100%       1d10      1%          1
b - Summon Small Mammal   Summ           100%       N/A       1%          1
c - Necrotise             Necr           100%       1d9       1%          1
d - Apportation           Tloc           92%        N/A       1%          1
e - Shock                 Conj/Air       100%       1d9       1%          1
f - Swiftness             Air            46%        N/A       1%          3
g - Summon Lightning Spi  Summ/Air       46%        N/A       4%          4

Your spell library contained the following spells:

 Spells                   Type           Power      Damage    Failure   Level
 Hailstorm                Conj/Ice       46%        3d11      1%          3
 Airstrike                Air            23%        2d(4-20)  4%          4
 Storm Form               Tmut/Air       23%        N/A       98%         7
 Maxwell's Capacitive Co  Air            23%        ∞         100%        8


Dungeon Overview and Level Annotations

Branches:
Dungeon (8/15)             Temple (1/1) D:5
   Lair: D:8-11

Altars:
Ashenzari
Cheibriados
Dithmenos
Elyvilon
Fedhas
Gozag
Hepliaklqana
Kikubaaqudgha
Makhleb
Nemelex Xobeh
Okawaru
Qazlal
Ru
Sif Muna
Trog
Uskayaw
Vehumet
Wu Jian
Xom
Yredelemnul
Zin
The Shining One

Shops:
D:1 *   D:3 ?

Annotations:
D:4 3 runed translucent doors, glosham's ghost, novice MeAE


Innate Abilities, Weirdness & Mutations

You have very sharp teeth.
Your uncanny sense of smell can sniff out nearby items.
Your experience applies equally to all skills.


Message History

The bolt of electricity misses the water moccasin.
You feel yourself speed up.
You are no longer corroded.
Your lightning spire disappears in a puff of smoke!
The hornet stings you!
* * * LOW HITPOINT WARNING * * *
You are poisoned.
You feel yourself slow down.
You feel better.
You feel yourself speed up. You block the hornet's attack.
The hornet closely misses you.
You barely miss the hornet. The hornet closely misses you.
The hornet barely misses you.
You closely miss the hornet. The hornet stings you.
* * * LOW HITPOINT WARNING * * *
You feel yourself slow down. The hornet barely misses you.
You closely miss the hornet. The hornet stings you!
* * * LOW HITPOINT WARNING * * *
You are poisoned.
You feel as though you will be slow longer.
The hornet barely misses you. The hornet stings you!
* * * LOW HITPOINT WARNING * * *
You feel as though you will be slow longer.
Casting: Summon Lightning Spire (dangerous; 4% risk of failure)
Confirm with . or Enter, or press ? or * to list all spells.
Okay, then.
Casting: Summon Lightning Spire (dangerous; 4% risk of failure)
Confirm with . or Enter, or press ? or * to list all spells.
Aiming: Freeze (safe; 1% risk of failure)
Press: ? - help, Shift-Dir - straight line, f - hornet
Aim: a hornet You feel a surge of power!
You freeze the hornet.
The hornet is lightly wounded.
You feel very sick. The hornet barely misses you.
You block the hornet's attack.
As you read the scroll of teleportation, it crumbles to dust.
You feel strangely unstable.
You feel very sick. The hornet stings you!
You die...

.....##...#..........
...... #..†.........
#....# ##...........
#....##............
##....†............
#....)†.##.....#....
...#....†[###..........
###..†..##y.........
#..#.....@.........
#...##...!...........
#... ##...........##
#... #..........## ....
..S.........## .## .
............## ### ...#
###..........## ##.#
....
.............###.####...
................##.##...


You could see a hornet and a water moccasin.

Vanquished Creatures
  Maggie (D:6)
  Sigmund (D:3)
  6 yaks
  A steam dragon (D:8)
  A water moccasin (D:5)
  A black bear (D:4)
  2 ogres (D:7)
  2 centaurs (D:7)
  2 phantoms
  2 bullfrogs
  8 wights
  2 killer bees (D:8)
  A nameless horror (D:8)
  6 howler monkeys
  3 electric eels (D:4)
  3 hounds
  A jelly (D:8)
  2 orc priests
  Natasha (thrice) (D:3)
  3 iguanas
  4 orc wizards
  3 adders
  6 gnolls
  2 worms
  A dart slug (D:2)
  16 orcs
  A giant cockroach (D:1)
  7 goblins
  7 hobgoblins
  5 jackals
  2 quokkas
  6 ball pythons
  A bat (D:2)
  3 frilled lizards
  5 kobolds
  5 rats
125 creatures vanquished.

Vanquished Creatures (collateral kills)
  An acid dragon (D:8)
  An ogre (D:4)
  A phantom (D:6)
  A centaur (D:8)
  A scorpion (D:5)
  3 killer bees (D:8)
  A hound (D:5)
  2 jellies
  An iguana (D:6)
  Robin (D:4)
  A gnoll (D:4)
  A shadow imp (D:5)
  A dart slug (D:4)
  5 orcs
  An endoplasm (D:3)
  7 goblins
  3 hobgoblins (D:4)
  3 jackals
  A bat (D:3)
  A frilled lizard (D:2)
  6 kobolds
  2 rats (D:2)
45 creatures vanquished.

Vanquished Creatures (others)
  A kobold brigand (D:7)
  2 plants (D:4)
3 creatures vanquished.

Grand Total: 173 creatures vanquished

Notes
Turn   | Place    | Note
-------+----------+-------------------------------------------
     0 | D:1      | Reached skill level 10 in Long Blades
     0 | D:1      | haror the Gnoll Wanderer began the quest for the Orb.
     0 | D:1      | haror set off with the following items: a +2 falchion, a +0
                  | buckler, a scroll of silence, a +0 robe; and the following
                  | spell memorised: Freeze; and the following spells available
                  | to memorise: Hailstorm.
     0 | D:1      | Reached XP level 1. HP: 13/13 MP: 8/8
   420 | D:1      | Reached XP level 2. HP: 17/19 MP: 10/10
   487 | D:1      | Found a faded altar of an unknown god.
   608 | D:1      | Found Soidgh's Assorted Antiques.
  1156 | D:2      | Learned a level 1 spell: Summon Small Mammal
  1575 | D:2      | Reached XP level 3. HP: 24/25 MP: 11/11
  1577 | D:2      | Learned a level 1 spell: Necrotise
  1579 | D:2      | Learned a level 1 spell: Apportation
  2295 | D:3      | Found Ziniushru's Magic Scroll Emporium.
  2318 | D:3      | Reached skill level 1 in Invocations
  2350 | D:3      | Bought a scroll of identify for 26 gold pieces
  2350 | D:3      | Bought a scroll of identify for 26 gold pieces
  2350 | D:3      | Bought a scroll of identify for 26 gold pieces
  2435 | D:3      | Reached skill level 1 in Fighting
  2435 | D:3      | Reached skill level 1 in Short Blades
  2435 | D:3      | Reached skill level 1 in Axes
  2435 | D:3      | Reached skill level 1 in Maces & Flails
  2435 | D:3      | Reached skill level 1 in Polearms
  2435 | D:3      | Reached skill level 1 in Staves
  2435 | D:3      | Reached skill level 1 in Ranged Weapons
  2435 | D:3      | Reached skill level 1 in Throwing
  2435 | D:3      | Reached skill level 1 in Armour
  2435 | D:3      | Reached skill level 1 in Dodging
  2435 | D:3      | Reached skill level 1 in Stealth
  2435 | D:3      | Reached skill level 1 in Unarmed Combat
  2435 | D:3      | Reached skill level 1 in Evocations
  2510 | D:3      | Reached XP level 4. HP: 11/32 MP: 5/13
  2721 | D:3      | Noticed Natasha
  2729 | D:3      | Killed Natasha
  2730 | D:3      | Reached skill level 1 in Conjurations
  2730 | D:3      | Reached skill level 1 in Hexes
  2730 | D:3      | Reached skill level 1 in Summonings
  2730 | D:3      | Reached skill level 1 in Necromancy
  2730 | D:3      | Reached skill level 1 in Translocations
  2730 | D:3      | Reached skill level 1 in Transmutations
  2730 | D:3      | Reached skill level 1 in Fire Magic
  2730 | D:3      | Reached skill level 1 in Ice Magic
  2730 | D:3      | Reached skill level 1 in Air Magic
  2730 | D:3      | Reached skill level 1 in Earth Magic
  2730 | D:3      | Reached skill level 1 in Poison Magic
  2843 | D:3      | Noticed Natasha
  2859 | D:3      | Killed Natasha
  2860 | D:3      | Reached XP level 5. HP: 14/37 MP: 14/14
  2952 | D:3      | Bought a scroll of identify for 26 gold pieces
  3007 | D:3      | Noticed Natasha
  3015 | D:3      | Killed Natasha
  3382 | D:4      | Noticed an ogre
  3428 | D:4      | Found a transporter.
  3474 | D:4      | Noticed a black bear
  3495 | D:4      | Found a runed translucent gate.
  3496 | D:4      | Found a runed translucent gate.
  3586 | D:4      | Killed an ogre
  3587 | D:4      | Reached skill level 5 in Shields
  3587 | D:4      | Reached XP level 6. HP: 44/44 MP: 5/16
  3620 | D:4      | Noticed Sigmund
  3744 | D:4      | Noticed Robin
  3853 | D:3      | Killed Sigmund
  3854 | D:3      | Reached XP level 7. HP: 35/51 MP: 18/18
  4014 | D:4      | Found a transporter.
  4017 | D:4      | Noticed glosham's ghost (novice MeAE)
  4328 | D:4      | Identified the +0 cloak "Iwaff" {rC- Str+5}
  4918 | D:4      | Upgraded the game from 0.30-a0-859-gf88a04b62d to
                  | 0.30-a0-860-g512cf1e979
  4972 | D:4      | Reached XP level 8. HP: 58/58 MP: 15/19
  4999 | D:4      | Killed Robin
  5047 | D:4      | Found a runed translucent gate.
  5098 | D:5      | Entered Level 5 of the Dungeon
  5139 | D:5      | Identified the +2 robe of the Moon {rN+ Will+ Archmagi}
  5286 | D:5      | Found a staircase to the Ecumenical Temple.
  5297 | D:5      | Learned a level 1 spell: Shock
  5301 | D:5      | Learned a level 3 spell: Swiftness
  5411 | D:5      | Found an ancient bone altar of Kikubaaqudgha.
  5414 | D:5      | Found a hazy altar of Hepliaklqana.
  5414 | D:5      | Found a sacrificial altar of Ru.
  5416 | D:5      | Found a blossoming altar of Fedhas.
  5416 | D:5      | Found a sparkling altar of Nemelex Xobeh.
  5696 | D:5      | Reached skill level 11 in Long Blades
  6322 | Temple   | Entered the Ecumenical Temple
  6426 | Temple   | Upgraded the game from 0.30-a0-860-g512cf1e979 to
                  | 0.30-a0-1113-ga8025317a9
  6503 | Temple   | Became a worshipper of Cheibriados the Contemplative
  6729 | D:6      | Found a radiant altar of Vehumet.
  6790 | D:6      | Noticed Maggie
  7004 | D:6      | Noticed a yak
  7004 | D:6      | Noticed a yak
  7029 | D:6      | Noticed a yak
  7031 | D:6      | Killed a yak
  7031 | D:6      | Noticed a yak
  7036 | D:6      | Killed a yak
  7036 | D:6      | Noticed a yak
  7037 | D:6      | Reached XP level 9. HP: 36/65 MP: 16/21
  7312 | D:6      | Killed Maggie
  7457 | D:5      | Reached skill level 5 in Invocations
  7830 | D:7      | Reached * piety under Cheibriados
  8023 | D:7      | Reached skill level 5 in Fighting
  8023 | D:7      | Reached skill level 5 in Short Blades
  8023 | D:7      | Reached skill level 5 in Axes
  8023 | D:7      | Reached skill level 5 in Maces & Flails
  8023 | D:7      | Reached skill level 5 in Polearms
  8023 | D:7      | Reached skill level 5 in Staves
  8023 | D:7      | Reached skill level 5 in Ranged Weapons
  8023 | D:7      | Reached skill level 5 in Throwing
  8023 | D:7      | Reached skill level 5 in Armour
  8023 | D:7      | Reached skill level 5 in Dodging
  8023 | D:7      | Reached skill level 5 in Stealth
  8023 | D:7      | Reached skill level 5 in Unarmed Combat
  8023 | D:7      | Reached skill level 5 in Evocations
  8025 | D:7      | Reached XP level 10. HP: 46/74 MP: 22/22
  8719 | D:8      | Identified the +0 robe of the Game of Kings {Str+6}
  8924 | D:8      | Learned a level 4 spell: Summon Lightning Spire
  8936 | D:8      | Reached ** piety under Cheibriados
  9057 | D:8      | Mangled by a hornet

Illustrated notes

Levels and vault maps discovered:
D:1:      onia_arrival_mini_maze_b, layout_loops_ring, basic_ecumenical_altar,
          serial_shops, shop
D:2:      layout_basic, minmay_crystal_water, minivault_25,
          minmay_misc_feat_ornament, minmay_tetromino_t4
D:3:      layout_loops_ring, serial_shops, nicolae_shop_waterfront,
          moated_statue, uniq_natasha
D:4:      gammafunk_steamed_eel, layout_rooms, gammafunk_ghost_icy, uniq_robin,
          uniq_sigmund
D:5:      layout_gridville, grunt_temple_overflow_open, temple_hall,
          kennysheep_generic_room_11
D:6:      layout_loops_cross, nicolae_vehumet_radiance, uniq_maggie
D:7:      layout_basic, minmay_misc_feat_five
D:8:      minmay_angry_zag, layout_layer_cave
Temple:   compressed_dpeg_triangle_lava_temple

Skill      XL: |  1  2  3  4  5  6  7  8  9 10 |
---------------+-------------------------------+-----
Long Blades    | 11 | 11.7
Invocations    | 1 2 3 4 5 |  5.9
Fighting       | 1 2 3 4 5 |  5.4
Short Blades   | 1 2 3 4 5 |  5.4
Axes           | 1 2 3 4 5 |  5.4
Maces & Flails | 1 2 3 4 5 |  5.4
Polearms       | 1 2 3 4 5 |  5.4
Staves         | 1 2 3 4 5 |  5.4
Ranged Weapons | 1 2 3 4 5 |  5.4
Throwing       | 1 2 3 4 5 |  5.4
Armour         | 1 2 3 4 5 |  5.4
Dodging        | 1 2 3 4 5 |  5.4
Stealth        | 1 2 3 4 5 |  5.4
Unarmed Combat | 1 2 3 4 5 |  5.4
Evocations     | 1 2 3 4 5 |  5.4
Conjurations   | 1 2 3 4 |  4.4
Hexes          | 1 2 3 4 |  4.4
Summonings     | 1 2 3 4 |  4.4
Necromancy     | 1 2 3 4 |  4.4
Translocations | 1 2 3 4 |  4.4
Transmutations | 1 2 3 4 |  4.4
Fire Magic     | 1 2 3 4 |  4.4
Ice Magic      | 1 2 3 4 |  4.4
Air Magic      | 1 2 3 4 |  4.4
Earth Magic    | 1 2 3 4 |  4.4
Poison Magic   | 1 2 3 4 |  4.4
Shields        | 5 6 7 |  7.1
Spellcasting   | 8 9 |  9.0

Action                     |  1- 3 |  4- 6 |  7- 9 | 10-12 || total
---------------------------+-------+-------+-------+-------++-------
  Melee: Falchion          |    16 |       |    73 |       ||    89
         Dagger            |    35 |    31 |    14 |       ||    80
         Bite              |       |     4 |    18 |     7 ||    29
         Halberd           |       |       |    37 |     7 ||    44
         Staff             |       |       |    18 |       ||    18
         Scimitar          |       |       |       |    55 ||    55
   Fire: Sling             |       |       |     1 |       ||     1
  Throw: Javelin           |    30 |    17 |    15 |       ||    62
         Throwing net      |       |     1 |       |       ||     1
         Dart              |       |       |       |     2 ||     2
   Cast: Summon Small Mamm |    32 |    22 |   125 |     3 ||   182
         Necrotise         |    16 |    20 |    22 |       ||    58
         Freeze            |     3 |       |    56 |     1 ||    60
         Shock             |       |       |     3 |       ||     3
         Summon Lightning  |       |       |       |     4 ||     4
  Evoke: Wand              |       |     3 |    18 |     2 ||    23
    Use: Scroll            |     4 |     4 |     3 |     2 ||    13
         Potion            |       |     5 |     1 |     2 ||     8
   Stab: Sleeping          |       |       |     1 |     1 ||     2
 Armour: Leather armour    |    16 |       |       |       ||    16
         Robe              |     3 |     8 |    42 |    27 ||    80
  Dodge: Dodged            |    35 |    26 |   128 |   117 ||   306
  Block: Buckler           |     9 |     8 |    46 |    41 ||   104

Table legend: (Time is in decaauts)
 A = Elapsed time spent in this place.
 B = Non-inter-level travel time spent in this place.
 C = Inter-level travel time spent in this place.
 D = Time resting spent in this place.
 E = Time spent auto-exploring this place.
 F = Levels seen in this place.
 G = Mean time per level.
                   A        B        C        D        E       F      G
               +--------+--------+--------+--------+--------+-----+--------+
         Total |   9693 |   9205 |    488 |   1459 |   2314 |   9 | 1077.0 |
       Dungeon |   9496 |   9020 |    476 |   1459 |   2314 |   8 | 1187.0 |
        Temple |    196 |    184 |     12 |      0 |      0 |   1 |  196.0 |
               +--------+--------+--------+--------+--------+-----+--------+

Top non-repeatable levels by time:
     D:5: 1543 daAuts
     D:3: 1470 daAuts
     D:4: 1325 daAuts
     D:2: 1267 daAuts
     D:6: 1236 daAuts
     D:7: 1125 daAuts
     D:1: 1024 daAuts
     D:8: 503 daAuts
  Temple: 196 daAuts
